 Dungeon Crawl Stone Soup version 0.31.0-11-ge490571c62 (webtiles) character file.

Game seed: 14299821649528094415

21 Esekla the Grasshopper (level 2, 0/15 HPs)
             Began as a Vine Stalker Warper on Jan 31, 2024.
             Slain by a scorpion (4 damage)
             ... on level 4 of the Dungeon.
             The game lasted 00:04:02 (511 turns).

Esekla the Grasshopper (Vine Stalker Warper)         Turns: 511, Time: 00:04:03

Health: 0/15       AC:  3    Str: 13    XL:     2   Next: 83%
Magic:  0/6        EV: 11    Int: 13    God:
Gold:   41         SH:  0    Dex: 13    Spells: 3/5 levels left

rFire   . . .        a - +0 falchion
rCold   . . .        (no shield)
rNeg    . . .        b - +0 leather armour
rPois   .            (no helmet)
rElec   .            (no cloak)
rCorr   .            (no gloves)
SInv    .            (no boots)
Will    .....        (no amulet)
Stlth   +            (no ring)
HPRegen 1.02/turn    (no ring)
MPRegen 0.10/turn

%: guardian spirit
@: lethally poisoned (0 -> -2), attractive
A: fangs 2, regeneration 1, magic shield, antimagic bite, no potion heal 2
a: no special abilities


You were on level 4 of the Dungeon.
You visited 1 branch of the dungeon, and saw 4 of its levels.

You collected 41 gold pieces.

Inventory:

Hand Weapons
 a - a +0 falchion (weapon)
 e - a +0 dagger
 g - a +0 dagger
 n - a +0 dagger
Missiles
 d - 6 darts of dispersal (quivered)
Armour
 b - a +0 leather armour (worn)
Jewellery
 m - a ring of ice
Wands
 i - a wand of roots (2)
Scrolls
 c - a scroll of blinking
 f - a scroll of enchant weapon {unknown}
 h - a scroll of teleportation {unknown}
 j - a scroll of identify {unknown}
Potions
 k - a potion of degeneration {unknown}
 o - a potion of mutation {unknown}


   Skills:
 * Level 1.9 Fighting
 + Level 1.7 Long Blades
 + Level 0.8 Throwing
 - Level 0.7 Armour
 + Level 1.7 Dodging
 * Level 2.2 Spellcasting
 + Level 3.7 Translocations


You had 3 spell levels left.
You knew the following spells:

 Your Spells              Type           Power      Damage    Failure   Level
b - Blink                 Tloc           22%        N/A       10%         2

Your spell library contained the following spells:

 Spells                   Type           Power      Damage    Failure   Level
 Lesser Beckoning         Tloc           22%        N/A       10%         2
 Teleport Other           Tloc           11%        N/A       21%         3
 Manifold Assault         Tloc           11%        N/A       54%         4
 Vhi's Electric Charge    Tloc/Air       12%        N/A       82%         4


Dungeon Overview and Level Annotations

Branches:
Dungeon (4/15)
 Temple: D:4-7

Altars:

Annotations:
D:2 Robin


Innate Abilities, Weirdness & Mutations

You have extremely sharp teeth.
Your natural rate of healing is unusually fast.
When hurt, damage is shared between your health and your magic reserves.
Your bite disrupts and absorbs the magic of your enemies.
Potions cannot restore your health.


Message History

Found a cabochon ring.
A kobold comes into view. It is wielding a +0 dagger.
The kobold shouts!
The kobold moves out of view.
You now have 41 gold pieces (gained 12).
You see here a ring of ice.
m - a ring of ice You hit the kobold.
You kill the kobold!
You see here a +0 dagger.
You see here a +0 dagger.
n - a +0 dagger A hobgoblin comes into view.
Found a bubbling puce potion.
o - a bubbling puce potion A scorpion comes into view.
Throw: 7 darts (disperse)
Press: ? - help, Q - select action, (/) - cycle Shift-Dir - straight line, f - scorpion
Aim: a scorpion (52% to hit)
You throw a dart of dispersal.
The dart of dispersal barely misses the scorpion.
You barely miss the scorpion.
You bite the scorpion, but do no damage.
The scorpion stings you. x2
You closely miss the scorpion. The scorpion stings you.
You barely miss the scorpion. The scorpion closely misses you.
The scorpion stings you.
You are poisoned.
The scorpion poisons you!
It was a potion of attraction.
You feel attractive to monsters.
You feel very sick. The scorpion closely misses you.
Okay, then.
You closely miss the scorpion.
You bite the scorpion, but do no damage.
* * * LOW HITPOINT WARNING * * *
You feel very sick. The scorpion stings you!
You die...

#..........##
...#
###.####....##''#
#........#
#.......##
#.......#
####.####
####.### #....s.#
#.##.#@# #.##.#.#
#.#..#.# #.#.##.#
#......#
#########.####
..........#
###########


You could see a scorpion.

Vanquished Creatures
  An adder (D:3)
  An orc (D:4)
  2 bats (D:1)
  An endoplasm (D:4)
  2 goblins
  A hobgoblin (D:2)
  A kobold (D:4)
  A rat (D:3)
10 creatures vanquished.

Notes
Turn   | Place    | Note
-------+----------+-------------------------------------------
     0 | D:1      | Esekla the Vine Stalker Warper began the quest for the Orb.
     0 | D:1      | Reached XP level 1. HP: 11/11 MP: 4/4
    81 | D:2      | Reached XP level 2. HP: 15/15 MP: 4/6
    84 | D:2      | Learned a level 2 spell: Blink
   284 | D:2      | Noticed Robin
   500 | D:4      | Noticed a scorpion
   511 | D:4      | Slain by a scorpion

Illustrated notes

Levels and vault maps discovered:
D:1:      mrwooster_arrival_statue, layout_rooms,
          shapermc_ecumenical_altar_rom_forum, nicolae_shop_unique_rings
D:2:      layout_rooms, grunt_ministairs_4, hangedman_feature_mirror,
          uniq_crazy_yiuf_cottage, uniq_robin
D:3:      layout_loops_corners, grunt_ashenzari_visionary
          [grunt_ashenzari_visionary_shoals, grunt_ashenzari_visionary_snake],
          nicolae_tso_carved_into_rock
D:4:      layout_loops_cross, kennysheep_generic_room_3

Action                     || total
---------------------------++-------
  Melee: Falchion          ||    27
         Bite              ||     6
         Punch             ||     1
  Throw: Dart              ||     1
    Use: Potion            ||     1
 Armour: Leather armour    ||    13
  Dodge: Dodged            ||    10
